 Dungeon Crawl Stone Soup version 0.30-b1-2-g02819fbbbe (webtiles) character file.

Game seed: 12724338734393011994

165 konarx the Poker (level 5, 47/47 HPs)
             Began as a Hill Orc Berserker on Sept 24, 2023.
             Was a Believer of Trog.
             Got out of the dungeon alive.
             The game lasted 00:12:26 (2854 turns).

konarx the Poker (Hill Orc Berserker)               Turns: 2854, Time: 00:12:26

Health: 47/47      AC:  5    Str: 22    XL:     5   Next: 46%
Magic:  5/5        EV: 11    Int:  7    God:    Trog [**....]
Gold:   186        SH:  0    Dex: 10    Spells: 4/4 levels left

rFire   + . .        a - +0 spear
rCold   . . .        (no shield)
rNeg    . . .        j - +0 ring mail
rPois   +            (no helmet)
rElec   .            (no cloak)
rCorr   .            (no gloves)
SInv    .            (no boots)
Will    .....        (no amulet) Stlth
                     k - ring of protection from fire
HPRegen 0.27/turn    l - ring of poison resistance
MPRegen 0.09/turn

%: no passive effects
@: no status effects
A: no striking features
a: Renounce Religion, Berserk, Trog's Hand


You escaped.
You worshipped Trog.
Trog was pleased with you.
You visited 1 branch of the dungeon, and saw 3 of its levels.

You collected 186 gold pieces.

Inventory:

Hand Weapons
 a - a +0 spear (weapon)
Missiles
 q - 2 throwing nets (quivered)
Armour
 j - a +0 ring mail (worn)
Jewellery
 k - a ring of protection from fire (left hand)
 l - a ring of poison resistance (right hand)
Wands
 p - a wand of mindburst (10)
 r - a wand of flame (13)
Scrolls
 c - 2 scrolls of vulnerability {unknown}
 d - 2 scrolls of teleportation
 e - a scroll of enchant armour {unknown}
 n - a scroll of fog {unknown}
 o - a scroll of blinking {unknown}
Potions
 b - a potion of magic {unknown}
 f - a potion of cancellation {unknown}
 g - 3 potions of flight
 h - 3 potions of curing {unknown}
 i - a potion of ambrosia {unknown}
 m - a potion of heal wounds


   Skills:
 * Level 4.5 Fighting
 * Level 5.3 Polearms
 * Level 3.1 Armour
 + Level 1.9 Dodging


You had 4 spell levels left.
You didn't know any spells.
Your spell library was empty.

Dungeon Overview and Level Annotations

Branches:
Dungeon (3/15)

Altars:
Ashenzari


Message History

Trog accepts your kill.
Save game and exit?
Welcome back, konarx the Hill Orc Berserker.
Trog says: Kill them all!
Press ? for a list of commands and other information.
Save game and exit?
Welcome back, konarx the Hill Orc Berserker.
Trog says: Kill them all!
Press ? for a list of commands and other information.
HP restored.
Things that are here:
a +0 leather armour; a +0 hand axe
q - 2 throwing nets You now have 186 gold pieces (gained 15).
You see here a +0 hand axe.
Things that are here:
a +0 leather armour; a +0 hand axe
There is a stone staircase leading down here.
r - a wand of flame (13)
Okay, then.
Done exploring.
There is a stone staircase leading down here.
Things that are here:
a +0 leather armour; a +0 hand axe
There is a stone staircase leading up here.
You climb upwards.
There is a stone staircase leading down here.
There is a stone staircase leading up here.
You see here 7 stones.
You see here 5 stones.
You see here a +0 dagger.
You see here a +0 robe.
There is a stone staircase leading up here.
You climb upwards.
There is a stone staircase leading down here.
There is an open door here.
There is an open door here.
There is a staircase leading out of the dungeon here.
Are you sure you want to leave the Dungeon?
This will make you lose the game!
You have escaped!

#..# #..## #..#
#..# #..# #..#
##..# #..## #...#
#.... #..## ##.##
#####'#########.##
#..#...#..#.......
#@.'...'..#####.#.
#.P#.(.#P.#####.#.
####...####.......
#..#...#..#######.
#(.'...'..# #.
#..#...#.P# #.
####.#.#### #.
#P.#.#.#P.# #.
#..'...'..# #.


There were no monsters in sight!

Vanquished Creatures
  An orc priest (D:3)
  Jessica (D:2)
  3 adders
  A worm (D:2)
  A dart slug (D:3)
  8 orcs (D:3)
  6 bats
  2 endoplasms
  6 giant cockroaches
  4 goblins
  5 hobgoblins
  8 kobolds
  A quokka (D:1)
  4 ball pythons
  4 frilled lizards
  19 rats
74 creatures vanquished.

Vanquished Creatures (others)
  5 plants (D:2)
5 creatures vanquished.

Grand Total: 79 creatures vanquished

Notes
Turn   | Place    | Note
-------+----------+-------------------------------------------
     0 | D:1      | konarx the Hill Orc Berserker began the quest for the Orb.
     0 | D:1      | Reached XP level 1. HP: 19/19 MP: 1/1
    98 | D:1      | Reached XP level 2. HP: 26/27 MP: 2/2
   429 | D:1      | You fall into a shaft and drop 1 floor!
   668 | D:2      | Reached XP level 3. HP: 33/33 MP: 3/3
   774 | D:1      | Reached ** piety under Trog
   809 | D:1      | Reached skill level 4 in Polearms
   978 | D:2      | Found a broken altar of Ashenzari.
  1184 | D:2      | Noticed Jessica
  1196 | D:2      | Killed Jessica
  1197 | D:2      | Reached XP level 4. HP: 36/41 MP: 4/4
  2044 | D:3      | Reached skill level 5 in Polearms
  2055 | D:3      | Reached XP level 5. HP: 47/47 MP: 5/5
  2854 | D:$      | Got out of the dungeon alive.

Illustrated notes

Levels and vault maps discovered:
D:1:      dpeg_arrival_prison, layout_loops_ring
D:2:      cheibrodos_old_hovel, layout_loops_ring, basic_altar,
          chequers_serial_rivers_small_b, minivault_27, uniq_jessica
D:3:      minmay_spotlight, layout_basic, grunt_ministairs_7

Skill      XL: |  1  2  3  4  5 |
---------------+----------------+-----
Fighting       | 4 |  4.5
Polearms       | 4 5 |  5.3
Armour         | 3 |  3.1
Dodging        | |  1.9

Action                     |  1- 3 |  4- 6 || total
---------------------------+-------+-------++-------
  Melee: Spear             |   136 |    94 ||   230
    Use: Scroll            |     1 |     2 ||     3
         Potion            |     1 |       ||     1
 Armour: Animal skin       |     6 |       ||     6
         Ring mail         |    21 |    20 ||    41
  Dodge: Dodged            |    73 |    38 ||   111
